 Dungeon Crawl Stone Soup version 0.31.0-11-ge490571c62 (webtiles) character file.

Game seed: 8702397866587718762

19 Arctor the Firebug (level 2, -1/15 HPs)
             Began as a Deep Elf Fire Elementalist on Feb 3, 2024.
             Succumbed to an adder's poison
             ... on level 2 of the Dungeon.
             The game lasted 00:01:01 (1160 turns).

Arctor the Firebug (Deep Elf Fire Elementalist)     Turns: 1160, Time: 00:01:02

Health: -1/15      AC:  2    Str:  5    XL:     2   Next: 55%
Magic:  8/8        EV: 13    Int: 19    God:
Gold:   31         SH:  0    Dex: 15    Spells: 4/7 levels left

rFire   . . .        l - +2 dagger (venom)
rCold   . . .        (no shield)
rNeg    . . .        a - +0 robe
rPois   .            (no helmet)
rElec   .            (no cloak)
rCorr   .            (no gloves)
SInv    .            (no boots)
Will    .....        (no amulet)
Stlth   ++           (no ring)
HPRegen 0.22/turn    (no ring)
MPRegen 0.11/turn

%: no passive effects
@: brilliant, lethally poisoned (-1 -> -6)
A: no striking features
a: no special abilities


You were on level 2 of the Dungeon.
You visited 1 branch of the dungeon, and saw 2 of its levels.

You collected 31 gold pieces.

Inventory:

Hand Weapons
 l - a +2 dagger of venom (weapon)
Armour
 a - a +0 robe (worn)
Magical Staves
 f - a staff of conjuration
Scrolls
 c - a scroll of poison {unknown}
 e - a scroll of vulnerability {unknown}
 g - a scroll of immolation {unknown}
 j - a scroll of fog {unknown}
 m - a scroll of identify {unknown}
Potions
 b - a potion of magic
 h - 2 potions of brilliance
 i - a potion of haste {unknown}
 k - a potion of enlightenment {unknown}


   Skills:
 + Level 2.8 Dodging
 + Level 2.8 Stealth
 + Level 3.3 Spellcasting
 + Level 1.5 Conjurations
 + Level 3.5 Fire Magic


You had 4 spell levels left.
You knew the following spells:

 Your Spells              Type           Power      Damage    Failure   Level
a - Foxfire               Conj/Fire      76%        2x1d7     5%          1
b - Scorch                Fire           48%        2d7       5%          2

Your spell library contained the following spells:

 Spells                   Type           Power      Damage    Failure   Level
 Ensorcelled Hibernation  Hex/Ice        8%         N/A       22%         2
 Inner Flame              Hex/Fire       14%        N/A       22%         3
 Volatile Blastmotes      Fire/Tloc      28%        2d12      22%         3
 Fugue of the Fallen      Necr           4%         N/A       41%         3
 Flame Wave               Conj/Fire      19%        2d7       45%         4
 Anguish                  Hex/Necr       2%         N/A       83%         4


Dungeon Overview and Level Annotations

Branches:
Dungeon (2/15)

Altars:


Message History

No target in view!
HP restored.
Key pressed, stopping explore.
No target in view!
No target in view!
m - a scroll labelled NUGITE JASS A kobold comes into view.
It is wielding a +0 short sword.
A kobold is nearby!
An adder comes into view.
There are monsters nearby!
The kobold shouts!
The adder hisses angrily.
You hit the kobold but do no damage.
The kobold hits you with a +0 short sword.
You barely miss the adder. The adder closely misses you.
The kobold closely misses you.
You closely miss the adder. The adder bites you.
The kobold hits you with a +0 short sword.
The adder barely misses you.
You are too injured to fight recklessly!
You are too injured to fight recklessly!
You hit the kobold.
The kobold is poisoned.
The kobold is moderately wounded.
The adder bites you. The kobold hits you but does no damage.
You completely miss the adder. The adder barely misses you.
The kobold hits you with a +0 short sword.
* * * LOW HITPOINT WARNING * * *
It was a potion of cancellation.
You feel magically purged. The adder misses you.
The kobold hits you but does no damage. The adder bites you but does no damage.
The kobold attacks as it pursues you! The kobold barely misses you.
The adder attacks as it pursues you! The adder bites you but does no damage.
The kobold looks more healthy.
The adder attacks as it pursues you! The adder barely misses you.
The adder bites you.
* * * LOW HITPOINT WARNING * * *
You are lethally poisoned!
The adder poisons you!
It was a potion of brilliance.
You feel clever all of a sudden.
You die...

....... .....# ....### .....
. #..# .. #..# #........#
#..###.........
#######...........#.#
#....@SK..###.....#.#
##.#####..## #....#.# #..
##...>.....# #....#.# #...
.....>....## ##.##.#.#
#...##....###.#.###..##.#.##
#..<.......#.##....#......#
................#...#####.#
........<...##.....# #.#
#....##..###.#..# #..


You could see an adder and a kobold.

Vanquished Creatures
  4 ball pythons (D:1)
  2 endoplasms (D:1)
  2 goblins (D:2)
  2 hobgoblins
  2 jackals (D:1)
  A quokka (D:1)
  2 bats
  A frilled lizard (D:2)
  A rat (D:2)
17 creatures vanquished.

Vanquished Creatures (others)
  62 foxfires
62 creatures vanquished.

Grand Total: 79 creatures vanquished

Notes
Turn   | Place    | Note
-------+----------+-------------------------------------------
     0 | D:1      | Arctor the Deep Elf Fire Elementalist began the quest for
                  | the Orb.
     0 | D:1      | Reached XP level 1. HP: 10/10 MP: 6/6
   361 | D:1      | Reached XP level 2. HP: 15/15 MP: 1/8
   513 | D:1      | Learned a level 2 spell: Scorch
  1160 | D:2      | Succumbed to an adder's poison

Illustrated notes

Levels and vault maps discovered:
D:1:      orjb1_lava_funnel, layout_basic, hangedman_decor_push,
          chequers_garden, roderic_roman_lattice, minmay_split_cup_small
D:2:      layout_loops_ring, minmay_pentomino_w4, uniq_crazy_yiuf_cottage,
          uniq_natasha

Action                     || total
---------------------------++-------
  Melee: Dagger            ||     9
   Cast: Foxfire           ||    41
    Use: Potion            ||     2
 Armour: Robe              ||    16
  Dodge: Dodged            ||    16
